 Dungeon Crawl Stone Soup version 0.30-a0-756-gc2185399d4 (webtiles) character file.

Game seed: 4308706760558134777

39200 Dirtsage the Fencer (level 14, -6/119 HPs)
             Began as a Merfolk Gladiator on Feb 9, 2023.
             Was a Priest of Wu Jian.
             Killed from afar by a lindwurm (31 damage)
             ... with a blast of flame
             ... on level 5 of the Lair of Beasts.
             The game lasted 00:52:43 (13691 turns).

Dirtsage the Fencer (Merfolk Gladiator)            Turns: 13691, Time: 00:52:44

Health: -6/119     AC: 10    Str: 19    XL:     14   Next: 5%
Magic:  14/14      EV: 19    Int:  7    God:    Wu Jian [***...]
Gold:   1314       SH:  0    Dex: 18    Spells: 13/13 levels left

rFire   . . .      SeeInvis .    V - +1 demon blade (flame)
rCold   . . .      Faith    .    (no shield)
rNeg    . . .      Spirit   .    L - +0 swamp dragon scales
rPois   +          Reflect  .    c - +0 helmet
rElec   .          Harm     .    I - +0 cloak
rCorr   .          Rampage  .    z - +0 pair of gloves
Will    +....                    (no boots)
Stlth   +                        b - amulet of regeneration
HPRegen 1.99/turn                W - ring of wizardry
MPRegen 0.14/turn                (no ring)

@: no status effects
A: (nimble swimmer 2), mertail, regeneration 1, strong 1
a: Renounce Religion, Wall Jump, Serpent's Lash


You were on level 5 of the Lair of Beasts.
You worshipped Wu Jian.
Wu Jian was most pleased with you.
You visited 3 branches of the dungeon, and saw 16 of its levels.
You also visited: Trove, Sewer, Ossuary and Bailey.

You collected 1492 gold pieces.
You spent 178 gold pieces at shops.

Inventory:

Hand Weapons
 a - the +3 long sword of the Apocalypse {freeze, rElec rN+ Int+2}
   (You bought it in a shop on level 4 of the Dungeon)

   Int:       It affects your intelligence (+2).
   rElec:     It insulates you from electricity.
   rN:        It protects you from negative energy.
 i - a +2 triple sword of freezing
 V - a +1 demon blade of flaming (weapon)
Missiles
 e - 7 javelins
 G - 6 throwing nets (quivered)
 Q - a curare-tipped dart
Armour
 c - a +0 helmet (worn)
 z - a +0 pair of gloves (worn)
 I - a +0 cloak (worn)
 L - +0 swamp dragon scales (worn)
 T - a +1 troll leather armour
 Y - a +3 scale mail of fire resistance
 Z - a +2 ring mail of willpower
Jewellery
 b - an amulet of regeneration (around neck)
 k - an amulet of reflection
 F - an amulet of faith
 W - a ring of wizardry (left hand)
Wands
 D - a wand of digging (5)
 J - a wand of mindburst (21)
 K - a wand of flame (21)
 N - a wand of iceblast (7)
 R - a wand of quicksilver (10)
Scrolls
 f - 4 scrolls of enchant weapon
 g - 4 scrolls of fear
 h - 2 scrolls of brand weapon
 j - 3 scrolls of vulnerability
 p - 4 scrolls of fog
 t - 9 scrolls of teleportation
 u - 5 scrolls of magic mapping
 x - 2 scrolls of butterflies
 y - 3 scrolls of enchant armour
 A - 2 scrolls of poison
 B - 2 scrolls of blinking
 M - 2 scrolls of amnesia
 X - a scroll of silence
Potions
 d - 2 potions of might
 l - 3 potions of heal wounds
 m - 3 potions of resistance {unknown}
 n - 4 potions of flight {unknown}
 o - 3 potions of mutation
 q - 10 potions of curing
 r - a potion of invisibility {unknown}
 s - 5 potions of degeneration {unknown}
 v - 3 potions of haste {unknown}
 w - 2 potions of berserk rage {unknown}
 C - 3 potions of lignification {unknown}
 E - 3 potions of ambrosia {unknown}
 P - 2 potions of brilliance
 S - 5 potions of attraction {unknown}
Miscellaneous
 O - a lightning rod (4/4)
 U - a condenser vane (inert)


   Skills:
 * Level 13.8 Fighting
 - Level 17.7 Long Blades
 - Level 7.2 Throwing
 + Level 13.6 Dodging
 + Level 7.3 Evocations


You had 13 spell levels left.
You didn't know any spells.
Your spell library contained the following spells:

 Spells                   Type           Power      Damage    Failure   Level
 Apportation              Tloc           0%         N/A       32%         1
 Necrotise                Necr           0%         1d4       32%         1
 Sandblast                Erth           0%         2d4       32%         1
 Slow                     Hex            0%         N/A       32%         1
 Summon Small Mammal      Summ           0%         N/A       32%         1
 Ensorcelled Hibernation  Hex/Ice        0%         N/A       43%         2
 Lesser Beckoning         Tloc           0%         N/A       43%         2
 Passwall                 Tmut/Erth      0%         N/A       43%         2
 Sublimation of Blood     Necr           0%         N/A       43%         2
 Call Canine Familiar     Summ           0%         N/A       65%         3
 Confusing Touch          Hex            0%         N/A       65%         3
 Gell's Gravitas          Tloc           0%         N/A       65%         3
 Ignite Poison            Fire/Tmut/Pois 0%         N/A       65%         3
 Inner Flame              Hex/Fire       0%         N/A       65%         3
 Spider Form              Tmut/Pois      0%         N/A       65%         3
 Stone Arrow              Conj/Erth      0%         3d7       65%         3
 Summon Guardian Golem    Hex/Summ       0%         N/A       65%         3
 Teleport Other           Tloc           0%         N/A       65%         3
 Vampiric Draining        Necr           0%         2d6       65%         3
 Vhi's Electric Charge    Tloc/Air       0%         N/A       65%         3
 Anguish                  Hex/Necr       0%         N/A       95%         4
 Cause Fear               Hex            0%         N/A       95%         4
 Flame Wave               Conj/Fire      0%         2d4       95%         4
 Ice Form                 Ice/Tmut       0%         N/A       95%         4
 Petrify                  Tmut/Erth      0%         N/A       95%         4
 Sticky Flame             Conj/Fire      0%         2d3       95%         4
 Summon Ice Beast         Ice/Summ       0%         N/A       95%         4
 Arcjolt                  Conj/Air       0%         1d10      100%        5
 Irradiate                Conj/Tmut      0%         3d11      100%        5
 Summon Mana Viper        Hex/Summ       0%         N/A       100%        5
 Iron Shot                Conj/Erth      0%         9d1       100%        6
 Monstrous Menagerie      Summ           0%         N/A       100%        7
 Discord                  Hex            0%         N/A       100%        8
 Ignition                 Fire           0%         3d3       100%        8
 Maxwell's Capacitive Co  Air            0%         ∞         100%        8
 Polar Vortex             Ice            0%         N/A       100%        9


Dungeon Overview and Level Annotations

Branches:
Dungeon (10/15)            Temple (1/1) D:5            Lair (5/5) D:9
  Swamp (0/4) Lair:2       Spider (0/4) Lair:2        Slime (0/5) Lair:5
  Sewer (visited)         Ossuary (visited)          Bailey (visited)
    Orc: D:9-12

Altars:
Ashenzari
Cheibriados
Dithmenos
Elyvilon
Gozag
Makhleb
Nemelex Xobeh
Okawaru
Ru
Sif Muna
Uskayaw
Vehumet
Wu Jian
Yredelemnul
Zin
Jiyva

Shops:
D:1 ?   D:4 [(   D:10 [

Annotations:
D:9 2 transporters, exclusion: obsidian statue


Innate Abilities, Weirdness & Mutations

((You are very nimble when in or above water. (Stealth+, EV+, Speed+++)))
Your lower body shifts to a powerful aquatic tail in water.
Your natural rate of healing is unusually fast.
Your muscles are strong. (Str +4, Int/Dex -1)


Message History

* * * LOW HITPOINT WARNING * * *
You take 20 damage, and have 7/119 hp.
You regained 2 hp, and now have 9/119 hp.
You feel much better. The wolf barely misses you. The wolf misses you.
You regained 23 hp, and now have 32/119 hp.
The wolf attacks as you move away! The wolf misses you.
You regained 2 hp, and now have 34/119 hp.
The wind drake flaps its wings at you. The air twists around and strikes you!
* * * LOW HITPOINT WARNING * * *
The wolf closely misses you.
You take 12 damage, and have 22/119 hp.
The wind drake flaps its wings at you. The air twists around and strikes you!
* * * LOW HITPOINT WARNING * * *
The wolf closely misses you.
You take 9 damage, and have 13/119 hp.
You regained 2 hp, and now have 15/119 hp.
The wolf misses you.
You regained 2 hp, and now have 17/119 hp.
The wolf misses you.
You regained 2 hp, and now have 19/119 hp.
The wolf attacks as you move away! The wolf misses you.
You regained 2 hp, and now have 21/119 hp.
What are your orders? t - Shout!
Orders for allies: a - Attack new target. r - Retreat! s - Stop attacking. g - Guard the area. f - Follow me.
Anything else - Cancel.
Okay, then.
Blink to where?
Press: ? - help, Dir - move target A wyvern and a lindwurm come into view.
As you read the scroll of blinking, it crumbles to dust.
The lindwurm roars!
You regained 2 hp, and now have 23/119 hp.
The lindwurm breathes flames at you. The blast of flame hits you!!
You die...

..............#
..............##.##
.......<........#.
............k....##
..................
................#
.........÷......###
.......##.........#
...........#@..#.
...........P...##
..........P....#
............##.#
.......#.#..# ##
..#.######..## . ##
#..h.# #....##
##.§..#


You could see a lindwurm (catching breath) and a wolf.

Vanquished Creatures
  Josephine (D:10)
  3 hydras
  Erica (D:9)
  3 death yaks
  Urug (Lair:3)
  Amaemon (Lair:3)
  A sea snake (Lair:5)
  Lodul (D:10)
  2 bog bodies
  Pikel (D:9)
  A lindwurm (Lair:4)
  A harpy (Lair:5)
  2 manticores (Lair:5)
  12 elephants
  6 black mambas
  An orange demon (Lair:3)
  6 cane toads
  A torpor snail (Lair:1)
  Maggie (D:7)
  A kobold demonologist (D:8)
  5 rime drakes
  4 komodo dragons
  2 trolls (D:10)
  2 polar bears (D:9)
  2 hornets (D:10)
  Sigmund (D:3)
  A wyvern (Lair:3)
  6 wraiths
  27 yaks
  3 basilisks
  Grum (Bailey)
  4 vampire mosquitoes (D:10)
  13 water moccasins
  4 ice beasts
  4 orc warriors
  2 sky beasts
  8 ogres
  2 centaurs
  34 wolves
  2 kobold brigands (D:9)
  2 phantoms
  2 lemures (D:9)
  A necrophage (D:4)
  9 bullfrogs
  4 scorpions
  7 gnoll sergeants (Bailey)
  18 wights
  6 killer bees (D:9)
  5 electric eels
  6 howler monkeys
  7 hounds
  8 jellies
  4 orc priests
  Crazy Yiuf (D:6)
  Ijyb (D:4)
  6 gnoll boudas (Bailey)
  6 iguanas
  7 orc wizards
  9 mummies
  19 gnolls
  5 adders
  2 river rats (Sewer)
  A white imp (D:6)
  An ufetubus (D:5)
  3 worms
  A dart slug (D:1)
  44 orcs
  23 ball pythons
  5 bats
  17 endoplasms
  6 giant cockroaches
  9 goblins
  8 hobgoblins
  7 quokkas
  9 frilled lizards
  A gnoll zombie (Ossuary)
  3 hobgoblin zombies
  17 kobolds
  3 kobold zombies
  3 orc zombies (Ossuary)
  11 rats
481 creatures vanquished.

Vanquished Creatures (others)
  6 fungi
  26 plants
32 creatures vanquished.

Grand Total: 513 creatures vanquished

Notes
Turn   | Place    | Note
-------+----------+-------------------------------------------
     0 | D:1      | Dirtsage the Merfolk Gladiator began the quest for the Orb.
     0 | D:1      | Reached XP level 1. HP: 16/16 MP: 1/1
    40 | D:1      | Reached skill level 4 in Long Blades
   127 | D:1      | Reached XP level 2. HP: 22/22 MP: 2/2
   166 | D:1      | Found Noagim's Magic Scroll Shop.
   412 | D:1      | Reached skill level 5 in Long Blades
   412 | D:1      | Reached XP level 3. HP: 27/27 MP: 3/3
   735 | D:1      | Found a faded altar of an unknown god.
  1440 | D:2      | Found an opulent altar of Gozag.
  1750 | D:3      | Reached XP level 4. HP: 12/33 MP: 4/4
  2229 | D:3      | Reached skill level 6 in Long Blades
  2347 | D:3      | Found a snail-covered altar of Cheibriados.
  2347 | D:3      | Found a sparkling altar of Nemelex Xobeh.
  2347 | D:3      | Found a radiant altar of Vehumet.
  2347 | D:3      | Found an iron altar of Okawaru.
  2363 | D:3      | Found an opulent altar of Gozag.
  2365 | D:3      | Found a hide-covered altar of Uskayaw.
  2713 | D:3      | Noticed Sigmund
  2730 | D:3      | Killed Sigmund
  2731 | D:3      | Reached skill level 8 in Long Blades
  2731 | D:3      | Reached XP level 5. HP: 33/38 MP: 5/5
  2731 | D:3      | Reached XP level 6. HP: 39/44 MP: 6/6
  2983 | D:4      | Found Guibecul's Antique Weapon Shoppe.
  2983 | D:4      | Noticed a sky beast
  3009 | D:4      | Killed a sky beast
  3010 | D:4      | Reached skill level 9 in Long Blades
  3010 | D:4      | Reached XP level 7. HP: 6/50 MP: 7/7
  3185 | D:4      | Found a glowing drain.
  3213 | Sewer    | Entered a sewer
  3326 | Sewer    | Found a viscous altar of Jiyva.
  3330 | Sewer    | Gained mutation: Your natural rate of healing is unusually
                  | fast. [potion of mutation]
  3330 | Sewer    | Gained mutation: Your muscles are strong. (Str +4, Int/Dex
                  | -1) [potion of mutation]
  3336 | Sewer    | Reached skill level 10 in Long Blades
  3511 | D:4      | Found a sand-covered staircase.
  3518 | Ossuary  | Entered an ossuary
  4040 | D:4      | Bought an encrusted long sword for 178 gold pieces
  4040 | D:4      | Identified the +3 long sword of the Apocalypse {freeze,
                  | rElec rN+ Int+2} (You bought it in a shop on level 4 of the
                  | Dungeon)
  4062 | D:4      | Found Uplofinto's Armour Emporium.
  4079 | D:4      | Reached XP level 8. HP: 56/57 MP: 8/8
  4156 | D:4      | Noticed Ijyb
  4169 | D:4      | Killed Ijyb
  4170 | D:4      | Reached skill level 11 in Long Blades
  4465 | D:5      | Entered Level 5 of the Dungeon
  4529 | D:5      | Reached skill level 5 in Dodging
  4613 | D:5      | Found a staircase to the Ecumenical Temple.
  4622 | Temple   | Entered the Ecumenical Temple
  4658 | Temple   | Became a worshipper of the Wu Jian Council
  5064 | D:6      | Reached skill level 12 in Long Blades
  5072 | D:6      | Reached XP level 9. HP: 66/66 MP: 9/9
  5211 | D:6      | Reached skill level 5 in Fighting
  5704 | D:6      | Found a runed translucent door.
  5705 | D:6      | Noticed Crazy Yiuf
  5777 | D:6      | Killed Crazy Yiuf
  5844 | D:7      | Noticed Maggie
  5858 | D:7      | Killed Maggie
  5889 | D:7      | Reached skill level 13 in Long Blades
  5892 | D:7      | Reached * piety under Wu Jian
  6377 | D:7      | Reached XP level 10. HP: 74/77 MP: 10/10
  6558 | D:8      | Reached skill level 14 in Long Blades
  6610 | D:8      | Found a shadowy altar of Dithmenos.
  6709 | D:8      | Reached ** piety under Wu Jian
  6849 | D:8      | Noticed a kobold demonologist
  6855 | D:8      | Killed a kobold demonologist
  7074 | D:9      | Found a flagged portal.
  7095 | Bailey   | Entered a bailey
  7103 | Bailey   | Reached skill level 10 in Dodging
  7354 | Bailey   | Reached skill level 1 in Evocations
  7374 | Bailey   | Noticed Grum
  7387 | Bailey   | Killed Grum
  7490 | Bailey   | Reached *** piety under Wu Jian
  7639 | Bailey   | Identified the +8 crystal plate armour "Faloz" {*Slow rN+
                  | SInv}
  7643 | Bailey   | Got the Volume of the Penguin
  7796 | D:9      | Reached XP level 11. HP: 87/87 MP: 11/11
  7809 | D:9      | Noticed Pikel
  7812 | D:9      | Found a staircase to the Lair.
  7820 | D:9      | Killed Pikel
  7881 | D:9      | Noticed a necromancer
  7882 | D:9      | Found a transporter.
  7884 | D:9      | Noticed an obsidian statue
  7885 | D:9      | Noticed a deep elf pyromancer
  7886 | D:9      | Noticed a tengu warrior
  7887 | D:9      | Noticed a cyclops
  7912 | D:9      | Found a transporter.
  8235 | D:9      | Noticed Erica
  8242 | D:9      | Killed Erica
  8420 | D:9      | Reached **** piety under Wu Jian
  8554 | D:10     | Entered Level 10 of the Dungeon
  8578 | D:10     | Reached skill level 15 in Long Blades
  8623 | D:10     | Found a portal to a secret trove of treasure.
  8641 | D:10     | Noticed Josephine
  8650 | D:10     | Killed Josephine
  8716 | D:10     | Noticed Lodul
  8735 | D:10     | Killed Lodul
  8736 | D:10     | Reached skill level 10 in Fighting
  9029 | D:10     | Found Uxeh's Armour Shop.
  9296 | D:10     | Saving game... please wait.
  9494 | Trove    | Entered a treasure trove
  9496 | Trove    | Found a bloodstained altar of Trog.
  9510 | Trove    | Identified the +4 triple sword "Qotsiusi" {heavy, rPois rC+
                  | Str+3 Dex-3}
  9522 | Trove    | Identified the +6 flail "Dirtsage's Regret" {flame, Drain
                  | rElec rC+++ Dex-2}
  9523 | Trove    | Identified the +11 dagger of Watchfulness {heavy, Str+5}
  9720 | Lair:1   | Entered Level 1 of the Lair of Beasts
  9728 | Lair:1   | Reached XP level 12. HP: 70/98 MP: 12/12
  9852 | Lair:1   | Reached skill level 5 in Throwing
 10142 | Lair:1   | Reached skill level 16 in Long Blades
 10618 | Lair:2   | Found a staircase to the Swamp.
 10761 | Lair:2   | Reached skill level 5 in Evocations
 11331 | Lair:2   | Found a hole to the Spider Nest.
 11641 | Lair:3   | Reached XP level 13. HP: 108/108 MP: 13/13
 11703 | Lair:3   | Noticed Urug
 11717 | Lair:3   | Killed Urug
 11718 | Lair:3   | Reached skill level 17 in Long Blades
 12078 | Lair:3   | Noticed Amaemon
 12132 | Lair:3   | Killed Amaemon
 13307 | Lair:5   | Entered Level 5 of the Lair of Beasts
 13361 | Lair:5   | Found a staircase to the Slime Pits.
 13361 | Lair:5   | Found a viscous altar of Jiyva.
 13639 | Lair:5   | Reached XP level 14. HP: 111/119 MP: 14/14
 13691 | Lair:5   | Killed from afar by a lindwurm

Illustrated notes

Levels and vault maps discovered:
D:1:      spicycebolla_green_bress_n_ham_2, layout_basic,
          shapermc_ecumenical_altar_venn, serial_shops, shop
D:2:      layout_basic, basic_altar, minmay_misc_feat_plants
D:3:      layout_basic, minmay_overflow_temple_hex, nicolae_half_adder,
          uniq_sigmund
D:4:      layout_basic, portal_sewer_entry_c, nicolae_ossuary_entry_giza,
          serial_shops, shop_statue, shop, bh_walls_and_bars, uniq_ijyb
D:5:      layout_rooms, minmay_temple_entry_offerings
D:6:      layout_loops_ring, uniq_crazy_yiuf_cottage
D:7:      layout_loops_ring, uniq_maggie
D:8:      layout_basic, mainiacjoe_overflow_boulevard
D:9:      gammafunk_sealed_arena, layout_basic, hellmonk_lair_entry_icy,
          enter_bailey_5, uniq_pikel, uniq_erica
D:10:     layout_basic, serial_shops, shop, nicolae_trove_entry_diagonal,
          lightli_orcish_oven, uniq_grum, uniq_lodul, uniq_josephine
Temple:   nicolae_temple_superstar
Lair:1:   layout_roguey
Lair:2:   layout_misc_corridors, skrybe_swamp_entry_bodies,
          spider_nest_entry_webs
Lair:3:   layout_concentric_octagons, uniq_amaemon, uniq_urug
Lair:4:   layout_roguey, serial_bayou_shore_a, infiniplex_staircase_pool,
          grunt_megastairs_3, lemuel_fruit_tree
Lair:5:   gammafunk_lair_ancient_temple, layout_gridlike,
          nicolae_slime_entry_slimehenge, patterned_corridor

Skill      XL: |  1  2  3  4  5  6  7  8  9 10 11 12 13 |
---------------+----------------------------------------+-----
Long Blades    | 4 5 8 9 10 12 13 14 15 16 17 | 17.7
Fighting       | 4 6 8 10 12 13 | 13.8
Dodging        | 6 8 10 11 12 13 | 13.6
Evocations     | 2 4 5 7 |  7.3
Throwing       | 3 4 6 7 |  7.2

Action                     |  1- 3 |  4- 6 |  7- 9 | 10-12 | 13-15 || total
---------------------------+-------+-------+-------+-------+-------++-------
  Melee: Long sword        |   124 |   139 |   407 |   352 |    12 ||  1034
         Punch             |     2 |     2 |     7 |     6 |     1 ||    18
         Tailslap          |       |       |     2 |    14 |     2 ||    18
         Great sword       |       |       |       |   298 |       ||   298
         Triple sword      |       |       |       |   165 |   220 ||   385
         Demon blade       |       |       |       |    19 |    90 ||   109
  Throw: Throwing net      |       |     2 |     1 |       |       ||     3
 Invoke: Serpent's Lash    |       |       |       |     1 |       ||     1
Ability: Lunge             |       |       |    17 |    53 |    14 ||    84
         Whirlwind         |       |       |       |   323 |   133 ||   456
         Wall Jump         |       |       |       |     3 |     3 ||     6
  Evoke: Condenser vane    |       |       |       |       |     1 ||     1
    Use: Potion            |       |     1 |     3 |     2 |     1 ||     7
         Scroll            |       |       |     6 |     2 |     9 ||    17
   Stab: Sleeping          |     1 |       |     6 |       |       ||     7
         Held in net/web   |       |       |     1 |       |       ||     1
 Armour: Leather armour    |    23 |    20 |    19 |       |       ||    62
         Ring mail         |       |       |    39 |    66 |       ||   105
         Troll leather arm |       |       |       |     8 |       ||     8
         Swamp dragon scal |       |       |       |    59 |    62 ||   121
  Dodge: Dodged            |    86 |    84 |   141 |   542 |   193 ||  1046
  Block: Other             |     8 |    34 |    48 |   143 |    41 ||   274
         Reflection        |       |       |     3 |     2 |       ||     5

Table legend: (Time is in decaauts)
 A = Elapsed time spent in this place.
 B = Non-inter-level travel time spent in this place.
 C = Inter-level travel time spent in this place.
 D = Time resting spent in this place.
 E = Time spent auto-exploring this place.
 F = Levels seen in this place.
 G = Mean time per level.
                   A        B        C        D        E       F      G
               +--------+--------+--------+--------+--------+-----+--------+
         Total |  13465 |  12905 |    560 |    600 |   8937 |  20 |  673.2 |
       Dungeon |   8356 |   7848 |    508 |    304 |   5738 |  10 |  835.6 |
        Temple |     56 |     38 |     18 |      0 |     23 |   1 |   56.0 |
          Lair |   3917 |   3884 |     33 |    229 |   2772 |   5 |  783.4 |
         Trove |    112 |    112 |      0 |      0 |      2 |   1 |  112.0 |
         Sewer |    203 |    203 |      0 |      0 |     44 |   1 |  203.0 |
       Ossuary |    296 |    296 |      0 |      0 |    151 |   1 |  296.0 |
        Bailey |    521 |    521 |      0 |     67 |    206 |   1 |  521.0 |
               +--------+--------+--------+--------+--------+-----+--------+

Top non-repeatable levels by time:
     D:1: 1224 daAuts
    D:10: 1017 daAuts
     D:4: 1017 daAuts
     D:3: 985 daAuts
  Lair:1: 951 daAuts
  Lair:3: 951 daAuts
     D:9: 910 daAuts
  Lair:4: 878 daAuts
  Lair:2: 832 daAuts
     D:6: 816 daAuts
     D:2: 713 daAuts
     D:7: 702 daAuts
  Bailey: 521 daAuts
     D:8: 515 daAuts
     D:5: 453 daAuts
